 Dungeon Crawl Stone Soup version 0.27.1-1-g398f81649c (webtiles) character file.

Game seed: 10716345982858807009

184 chaosape the Magician (level 5, 0/37 HPs)
             Began as a Gnoll Wanderer on Sept 9, 2021.
             Succumbed to an adder's poison
             ... on level 3 of the Dungeon.
             The game lasted 00:12:37 (3854 turns).

chaosape the Magician (Gnoll Wanderer)              Turns: 3854, Time: 00:12:38

Health: 0/37       AC:  6    Str: 12 (14) XL:     5   Next: 63%
Magic:  23/23      EV:  9    Int:  9 (11) God:
Gold:   139        SH:  0    Dex:  7 (10) Spells: 17/18 levels left

rFire    . . .     SeeInvis .   e - +1 short sword
rCold    . . .     Faith    .   (no shield)
rNeg     . . .     Spirit   .   c - +0 scale mail
rPois    .         Reflect  .   (no helmet)
rElec    .         Harm     .   (no cloak)
rCorr    .         Rampage  .   (no gloves)
Will     .....                  (no boots)
Stlth    ..........             (no amulet)
HPRegen  0.12/turn              j - ring of magical power
MPRegen  0.18/turn              (no ring)

@: lethally poisoned (0 -> -3), very slightly contaminated, hasted, invisible,
very quick
A: fangs 1, strong nose, distributed training
a: no special abilities


You were on level 3 of the Dungeon.
You visited 1 branch of the dungeon, and saw 3 of its levels.

You collected 139 gold pieces.

Inventory:

Hand Weapons
 a - a +0 club
 d - a +0 dagger
 e - a +1 short sword (weapon)
Missiles
 i - 6 atropa-tipped darts (quivered)
 m - 18 arrows
Armour
 b - a +0 robe
 c - a +0 scale mail (worn)
 n - a +0 barding
Jewellery
 j - a ring of magical power (left hand)
Wands
 o - a wand of flame (17)
Scrolls
 f - a scroll of enchant weapon
 h - 2 scrolls of teleportation {unknown}


   Skills:
 + Level 1.6 Fighting
 + Level 1.6 Short Blades
 + Level 1.6 Long Blades
 + Level 1.6 Axes
 + Level 1.6 Maces & Flails
 + Level 1.6 Polearms
 + Level 1.6 Staves
 + Level 1.6 Slings
 + Level 1.6 Bows
 + Level 1.6 Crossbows
 + Level 1.6 Throwing
 + Level 1.6 Armour
 + Level 1.6 Dodging
 + Level 2.8 Stealth
 + Level 1.6 Shields
 + Level 1.6 Unarmed Combat
 + Level 7.3 Spellcasting
 + Level 1.2 Conjurations
 + Level 1.2 Hexes
 + Level 1.2 Summonings
 + Level 4.0 Necromancy
 + Level 1.2 Translocations
 + Level 2.4 Transmutations
 + Level 1.2 Fire Magic
 + Level 1.2 Ice Magic
 + Level 4.0 Air Magic
 + Level 1.2 Earth Magic
 + Level 1.2 Poison Magic
 + Level 1.8 Invocations
 + Level 3.0 Evocations


You had 17 spell levels left.
You knew the following spells:

 Your Spells              Type           Power      Damage    Failure   Level
a - Animate Skeleton      Necr           20%        N/A       19%         1

Your spell library contained the following spells:

 Spells                   Type           Power      Damage    Failure   Level
 Pain                     Necr           40%        1d6       19%         1
 Beastly Appendage        Tmut           14%        N/A       36%         1
 Wereblood                Tmut           7%         N/A       50%         2
 Vampiric Draining        Necr           5%         2d6       50%         3
 Spider Form              Tmut/Pois      3%         N/A       80%         3
 Gell's Gravitas          Tloc           2%         N/A       87%         3
 Lesser Beckoning         Tloc           2%         N/A       87%         3
 Teleport Other           Tloc           5%         N/A       87%         3
 Animate Dead             Necr           5%         N/A       88%         4
 Agony                    Necr           10%        N/A       99%         5


Dungeon Overview and Level Annotations

Branches:
Dungeon (3/15)

Altars:
Wu Jian

Shops:
D:3 *(

Portals:
Sewer: D:3


Innate Abilities, Weirdness & Mutations

You have very sharp teeth.
Your uncanny sense of smell can sniff out nearby items.
Your experience applies equally to all skills.


Message History

The adder barely misses you.
You completely miss the adder.
The adder is moderately wounded.
The adder barely misses you.
You miss the adder.
The adder is moderately wounded.
The adder bites you.
* * * LOW HITPOINT WARNING * * *
You miss the adder.
The adder is moderately wounded.
You miss the adder.
The adder is moderately wounded.
The adder closely misses you.
You closely miss the adder. Your bite misses the adder.
The adder is moderately wounded.
The adder barely misses you.
You hit the adder.
The adder is heavily wounded.
The adder barely misses you.
You completely miss the adder.
The adder is heavily wounded.
The adder bites you.
* * * LOW HITPOINT WARNING * * *
You are lethally poisoned!
The adder poisons you!
You strike the helpless adder from behind!
You hit the adder.
The adder is almost dead.
* * * LOW HITPOINT WARNING * * *
You feel sick.
* * * LOW HITPOINT WARNING * * *
You feel sick.
You aren't carrying any potions.
As you read the scroll labelled QECEF UNEF, it crumbles to dust.
It is a scroll of amnesia.
Really abort (and waste the scroll)? [Y]es or [N]o only, please.
Really abort (and waste the scroll)?
Okay, then.
You die...

#.###.# ####..#######.# #.....#
#.............# ##...##
#........# #...# #........####
#...# #............ #...#
###'#.#.#.#... #...#
#.......$....#
#####...########.....#.#.#..# ∆
....#...#...@.S..............
#####...########.....#.#.#..#
#...# #............# #...#
#####..#...... #...# #..#.####.
#...# #†>....##. #########...###
##### #..#.#.##. #...........÷.#
#.#.####.........
#.............###................


You could see an adder.

Vanquished Creatures
  A necrophage (D:3)
  3 adders (D:3)
  4 dart slugs
  5 ball pythons
  7 endoplasms
  4 giant cockroaches
  3 goblins
  7 hobgoblins
  7 jackals
  4 kobolds
  A quokka (D:1)
  4 bats
  3 frilled lizards
  7 rats
60 creatures vanquished.

Vanquished Creatures (collateral kills)
  A hobgoblin (D:2)
1 creature vanquished.

Grand Total: 61 creatures vanquished

Notes
Turn   | Place    | Note
-------+----------+-------------------------------------------
     0 | D:1      | chaosape the Gnoll Wanderer began the quest for the Orb.
     0 | D:1      | chaosape set off with the following items: a +0 club, a +0
                  | robe, a potion of curing; and the following spells
                  | available to memorise: Animate Skeleton, Pain, Vampiric
                  | Draining, Animate Dead, Agony
     0 | D:1      | Reached XP level 1. HP: 13/13 MP: 8/8
   361 | D:1      | Reached XP level 2. HP: 3/19 MP: 10/10
   993 | D:1      | Learned a level 1 spell: Animate Skeleton
  1097 | D:1      | Found a faded altar of an unknown god.
  1154 | D:1      | Reached XP level 3. HP: 22/25 MP: 11/11
  1962 | D:2      | Reached skill level 1 in Invocations
  2412 | D:2      | Found an ornate altar of the Wu Jian Council.
  2502 | D:2      | Reached skill level 1 in Fighting
  2502 | D:2      | Reached skill level 1 in Short Blades
  2502 | D:2      | Reached skill level 1 in Long Blades
  2502 | D:2      | Reached skill level 1 in Axes
  2502 | D:2      | Reached skill level 1 in Maces & Flails
  2502 | D:2      | Reached skill level 1 in Polearms
  2502 | D:2      | Reached skill level 1 in Staves
  2502 | D:2      | Reached skill level 1 in Slings
  2502 | D:2      | Reached skill level 1 in Bows
  2502 | D:2      | Reached skill level 1 in Crossbows
  2502 | D:2      | Reached skill level 1 in Throwing
  2502 | D:2      | Reached skill level 1 in Armour
  2502 | D:2      | Reached skill level 1 in Dodging
  2502 | D:2      | Reached skill level 1 in Shields
  2502 | D:2      | Reached skill level 1 in Unarmed Combat
  2550 | D:2      | Reached XP level 4. HP: 17/32 MP: 13/13
  3417 | D:3      | Found Cyajem's Weapon Shoppe.
  3468 | D:3      | Found Offuaz's General Store.
  3658 | D:3      | Noticed a necrophage
  3683 | D:3      | Killed a necrophage
  3684 | D:3      | Reached skill level 1 in Conjurations
  3684 | D:3      | Reached skill level 1 in Hexes
  3684 | D:3      | Reached skill level 1 in Summonings
  3684 | D:3      | Reached skill level 1 in Translocations
  3684 | D:3      | Reached skill level 1 in Fire Magic
  3684 | D:3      | Reached skill level 1 in Ice Magic
  3684 | D:3      | Reached skill level 1 in Earth Magic
  3684 | D:3      | Reached skill level 1 in Poison Magic
  3684 | D:3      | Reached XP level 5. HP: 25/37 MP: 14/14
  3790 | D:3      | Found a glowing drain.
  3853 | D:3      | HP: 1/37 [poisoned by an adder]
  3854 | D:3      | Succumbed to an adder's poison

Illustrated notes

Levels and vault maps discovered:
D:1:      dpeg_arrival_round_b, layout_rooms,
          shapermc_ecumenical_altar_mp_urbaneastern
D:2:      layout_basic, basic_altar
D:3:      layout_basic, serial_shops, shop, shop_fountains,
          gup_sewer_entry_glass, serial_co_window_serial, co_window_cross_1,
          co_window_corner_a, co_window_paths_a, co_window_paths_b,
          co_window_of_opportunity_a, co_window_of_opportunity_b,
          co_window_corner_b, co_window_broadway_b, co_window_4corner_b,
          glass_columns_a, glass_columns_c, glass_columns_a, glass_columns_a,
          glass_columns_b

Skill      XL: |  1  2  3  4 |
---------------+-------------+-----
Transmutations | 2 |  2.4
Invocations    | 1 |  1.8
Fighting       | 1 |  1.6
Short Blades   | 1 |  1.6
Long Blades    | 1 |  1.6
Axes           | 1 |  1.6
Maces & Flails | 1 |  1.6
Polearms       | 1 |  1.6
Staves         | 1 |  1.6
Slings         | 1 |  1.6
Bows           | 1 |  1.6
Crossbows      | 1 |  1.6
Throwing       | 1 |  1.6
Armour         | 1 |  1.6
Dodging        | 1 |  1.6
Shields        | 1 |  1.6
Unarmed Combat | 1 |  1.6
Conjurations   | 1 |  1.2
Hexes          | 1 |  1.2
Summonings     | 1 |  1.2
Necromancy     | 4 |  4.0
Translocations | 1 |  1.2
Fire Magic     | 1 |  1.2
Ice Magic      | 1 |  1.2
Air Magic      | 4 |  4.0
Earth Magic    | 1 |  1.2
Poison Magic   | 1 |  1.2
Evocations     | 3 |  3.0
Stealth        | |  2.8
Spellcasting   | |  7.3

Action                   |  1- 3 |  4- 6 || total
-------------------------+-------+-------++-------
Melee: Dagger            |    26 |       ||    26
       Club              |     4 |       ||     4
       Bite              |    17 |     9 ||    26
       Short sword       |   179 |   117 ||   296
 Cast: Animate Skeleton  |     7 |     6 ||    13
  Use: Potion            |     1 |     3 ||     4
       Scroll            |       |     2 ||     2
 Stab: Invisible         |       |     3 ||     3
Armor: Robe              |     6 |       ||     6
       Scale mail        |    79 |    61 ||   140
Dodge: Dodged            |   110 |    92 ||   202
